 Dungeon Crawl Stone Soup version 0.27.1 (webtiles) character file.

Game seed: 2883906341016955260

1479 pikapanic123 the Cleaver (level 8, -11/67 HPs)
             Began as a Barachi Berserker on Sept 5, 2021.
             Was an Elder of Trog.
             Mangled by reversiblehash's ghost (20 damage)
             ... on level 5 of the Dungeon.
             The game lasted 00:17:08 (5993 turns).

pikapanic123 the Cleaver (Barachi Berserker)        Turns: 5993, Time: 00:17:08

Health: -11/67     AC:  9    Str: 29    XL:     8   Next: 79%
Magic:  8/8        EV: 12    Int:  9    God:    Trog [****..]
Gold:   67         SH:  6    Dex: 12    Spells: 7/7 levels left

rFire    x . .     SeeInvis +   a - +1 hand axe (drain)
rCold    . . .     Faith    .   v - +3 buckler of Beogh's Displeasure {Int+2}
rNeg     . . .     Spirit   .   s - +1 ring mail of the Pit {rF- Str+8}
rPois    .         Reflect  .   (no helmet)
rElec    .         Harm     .   (no cloak)
rCorr    +         Rampage  .   j - +1 pair of gloves
Will     .....                  (no boots)
Stlth    +.........             (no amulet)
HPRegen  0.21/turn              p - ring of resist corrosion
MPRegen  0.11/turn              q - ring of see invisible

@: unable to hop, on berserk cooldown, slowed, very slow
A: amphibious, slowness 1, strong legs 1, +LOS
a: Hop, Renounce Religion, Berserk, Trog's Hand, Brothers in Arms


You were on level 5 of the Dungeon.
You worshipped Trog.
Trog was greatly pleased with you.
You visited 1 branch of the dungeon, and saw 5 of its levels.
You also visited: Sewer.

You collected 256 gold pieces.
You spent 189 gold pieces at shops.

Inventory:

Hand Weapons
 a - a +1 hand axe of draining (weapon)
 w - a +3 short sword
 y - a +1 vorpal dire flail
Armour
 b - a +0 animal skin
 h - a +0 ring mail
 j - a +1 pair of gloves (worn)
 s - the +1 ring mail of the Pit (worn) {rF- Str+8}
   (You bought it in a shop on level 4 of the Dungeon)

   Str:       It affects your strength (+8).
   rF:        It makes you vulnerable to fire.
 v - the +3 buckler of Beogh's Displeasure (worn) {Int+2}
   (You found it on level 5 of the Dungeon)

   Int:       It affects your intelligence (+2).
Jewellery
 p - a ring of resist corrosion (left hand)
 q - a ring of see invisible (right hand)
 x - an amulet of guardian spirit
Wands
 r - a wand of mindburst (9)
Scrolls
 i - 3 scrolls of noise
 m - a scroll of teleportation
 n - a scroll of brand weapon
 u - 2 scrolls of identify
Potions
 c - 2 potions of cancellation
 d - 5 potions of heal wounds
 e - 2 potions of mutation {unknown}
 f - 2 potions of curing
 g - 3 potions of might
 k - 4 potions of haste
 l - a potion of brilliance {unknown}
 o - 2 potions of invisibility {unknown}
 t - 2 potions of lignification {unknown}
 z - a potion of attraction {unknown}


   Skills:
 * Level 7.5 Fighting
 + Level 8.1 Axes
 + Level 6.1 Armour
 + Level 4.5 Dodging


You had 7 spell levels left.
You didn't know any spells.
Your spell library was empty.

Dungeon Overview and Level Annotations

Branches:
Dungeon (5/15)              Sewer (visited)
 Temple: D:4-7

Altars:
Kikubaaqudgha
Makhleb
Xom

Shops:
D:3 ?   D:4 [

Annotations:
D:5 reversiblehash's ghost, novice MiBe


Innate Abilities, Weirdness & Mutations

You are amphibious.
You cover ground slowly.
You can hop short distances.
You have an extended range of vision and can be seen from far away.


Message History

You block the white imp's attack.
Reversiblehash's ghost closely misses you.
The white imp gestures at you. The puff of frost misses you.
You closely miss reversiblehash's ghost.
Reversiblehash's ghost is moderately damaged.
You slash the white imp!
You kill the white imp!
Trog accepts your kill.
Reversiblehash's ghost hits you but does no damage.
You hit reversiblehash's ghost but do no damage.
Reversiblehash's ghost is moderately damaged.
Reversiblehash's ghost says, "I am made of steel!"
Reversiblehash's ghost closely misses you.
You block reversiblehash's ghost's attack.
Hop to where?
Press: ? - help, Q - select action, (/) - cycle Dir - move target Boing!
Reversiblehash's ghost whispers, "You will understand me better in a moment."
Your legs are too worn out to hop.
Reversiblehash's ghost hits you but does no damage.
Space bends around you. Reversiblehash's ghost misses you.
Reversiblehash's ghost says, "I was like you once."
Reversiblehash's ghost hits you. Space warps horribly around you!
* * * LOW HITPOINT WARNING * * *
There is an open translucent gate, spattered with blood here.
Reversiblehash's ghost hits you but does no damage.
You blink.
Reversiblehash's ghost says, "Very impressive.
But it won't help.
Nothing will."
You block reversiblehash's ghost's attack.
As you open the door, it creaks loudly! Reversiblehash's ghost hits you.
* * * LOW HITPOINT WARNING * * *
You block reversiblehash's ghost's attack.
You block reversiblehash's ghost's attack.
There is an open door here.
Reversiblehash's ghost hits you!
* * * LOW HITPOINT WARNING * * *
Space warps horribly around you!!
You die...

### #.. #.# #.#
#.# #.# #@# #W#
##'### #....#
+....# #....#
#....#
#....######
#.........#######


You could see reversiblehash's ghost.

Vanquished Creatures
  Edmund (D:5)
  Duvessa (D:5)
  A black bear (D:4)
  2 necrophages (D:5)
  3 kobold brigands
  3 scorpions
  Dowan (D:5)
  A howler monkey (D:5)
  2 orc priests (D:4)
  A hound (D:5)
  2 jellies (D:5)
  Jessica (D:2)
  An iguana (D:4)
  A hound zombie (D:5)
  7 adders
  6 river rats (Sewer)
  3 white imps (D:5)
  2 adder skeletons (D:4)
  3 worms
  3 dart slugs
  2 adder simulacra (D:5)
  7 orcs
  2 endoplasms
  6 giant cockroaches
  14 goblins
  7 hobgoblins
  6 jackals (D:3)
  2 quokkas (D:3)
  13 ball pythons
  3 bats
  4 frilled lizards
  23 kobolds
  22 rats
156 creatures vanquished.

Notes
Turn   | Place    | Note
-------+----------+-------------------------------------------
     0 | D:1      | pikapanic123 the Barachi Berserker began the quest for the
                  | Orb.
     0 | D:1      | Reached XP level 1. HP: 18/18 MP: 1/1
   273 | D:1      | Reached XP level 2. HP: 19/24 MP: 2/2
   549 | D:1      | Found a faded altar of an unknown god.
  1130 | D:2      | Reached XP level 3. HP: 26/30 MP: 3/3
  1215 | D:2      | Reached ** piety under Trog
  1351 | D:2      | Reached skill level 4 in Axes
  1667 | D:2      | Noticed Jessica
  1686 | D:2      | Killed Jessica
  1687 | D:2      | Reached XP level 4. HP: 31/38 MP: 4/4
  2515 | D:3      | Found Zuesac's Magic Scroll Shoppe.
  2738 | D:3      | Reached XP level 5. HP: 27/43 MP: 5/5
  2920 | D:3      | Found a glowing drain.
  2930 | Sewer    | Entered a sewer
  2953 | Sewer    | Reached *** piety under Trog
  2988 | Sewer    | Reached skill level 5 in Axes
  3144 | Sewer    | Reached skill level 5 in Fighting
  3240 | Sewer    | Reached XP level 6. HP: 39/51 MP: 6/6
  3856 | D:3      | Found a burning altar of Makhleb.
  3856 | D:3      | Noticed a blizzard demon
  3878 | D:3      | Noticed a smoke demon
  3878 | D:3      | Noticed a neqoxec
  4343 | D:4      | Reached XP level 7. HP: 49/56 MP: 7/7
  4353 | D:4      | Reached skill level 6 in Axes
  4433 | D:4      | Found Ukhlocask's Antique Armour Shop.
  4483 | D:4      | Bought a bloodstained ring mail for 189 gold pieces
  4483 | D:4      | Identified the +1 ring mail of the Pit {rF- Str+8} (You
                  | bought it in a shop on level 4 of the Dungeon)
  4514 | D:4      | Reached **** piety under Trog
  4927 | D:4      | Found an ancient bone altar of Kikubaaqudgha.
  5074 | D:5      | Entered Level 5 of the Dungeon
  5122 | D:5      | Reached skill level 5 in Armour
  5210 | D:5      | Identified the +3 buckler of Beogh's Displeasure {Int+2}
  5330 | D:5      | Reached skill level 7 in Axes
  5330 | D:5      | Reached XP level 8. HP: 50/65 MP: 8/8
  5443 | D:5      | Noticed Duvessa
  5443 | D:5      | Noticed Dowan
  5455 | D:5      | Killed Duvessa
  5474 | D:5      | Killed Dowan
  5501 | D:5      | Noticed Edmund
  5530 | D:5      | Killed Edmund
  5593 | D:5      | Reached skill level 8 in Axes
  5593 | D:5      | Found a shimmering altar of Xom.
  5919 | D:5      | Noticed reversiblehash's ghost (novice MiBe)
  5937 | D:5      | Found a runed translucent gate.
  5937 | D:5      | Found a runed translucent gate.
  5947 | D:5      | Found a runed translucent gate.
  5993 | D:5      | Mangled by reversiblehash's ghost

Illustrated notes

Levels and vault maps discovered:
D:1:      minmay_arrival_open_corners, layout_rooms,
          shapermc_ecumenical_altar_rom_forum
D:2:      cheibrodos_greedy_goblins, layout_basic, uniq_jessica
D:3:      layout_rooms, makhleb_altar_promises_db, portal_sewer_entry_e,
          serial_shops, shop_scrolls, minmay_misc_feat_cross
D:4:      layout_cave_pools, kennysheep_mini, serial_shops, shop,
          corner_web_ring
D:5:      layout_basic, minitemple, gammafunk_ghost_icy, uniq_menkaure,
          uniq_edmund, uniq_duvessa

Skill      XL: |  1  2  3  4  5  6  7  8 |
---------------+-------------------------+-----
Fighting       | 4 5 6 7 |  7.5
Axes           | 4 5 7 8 |  8.1
Dodging        | 3 4 |  4.5
Armour         | 3 4 5 6 |  6.1

Action                   |  1- 3 |  4- 6 |  7- 9 || total
-------------------------+-------+-------+-------++-------
Melee: Hand axe          |    90 |   173 |   166 ||   429
Invok: Berserk           |     1 |     2 |     3 ||     6
       Trog's Hand       |     1 |     2 |     2 ||     5
 Abil: Hop               |     1 |     1 |     1 ||     3
  Use: Scroll            |     3 |     6 |     2 ||    11
Armor: Animal skin       |    18 |       |       ||    18
       Ring mail         |       |   110 |    65 ||   175
Dodge: Dodged            |    46 |   167 |    82 ||   295
Block: Buckler           |       |       |    41 ||    41
